[Event "GrandPrix_30.05"]
[Site "Chess.com"]
[Date "2020.05.30"]
[Round "7"]
[White "SantoBlue"]
[Black "VMikhalevski"]
[Result "0-1"]
[WhiteElo "2553"]
[BlackElo "2697"]
[TimeControl "600+2"]
[EndTime "11:27:06 PDT"]
[Termination "VMikhalevski won by resignation"]

1. Nf3 Nf6 2. g3 g6 3. b3 Bg7 4. Bb2 c5 5. Bg2 d6 6. c4 e5 7. d3 Nc6 8. Nc3 O-O 9. Nd2 Be6 10. Nde4 Nh5 11. h4 h6 12. Nb5 f5 13. Nbxd6 fxe4 14. Nxe4 Qe7 15. e3 Rad8 16. a3 Nf6 17. Qe2 Bg4 18.
f3 Nxe4 19. dxe4 Be6 20. O-O Na5 21. Qc2 b5 22. Bc3 Qc7 23. f4 bxc4 24. b4 Nb3 25. Rae1 exf4 26. gxf4 Bxc3 27. Qxc3 Rd3 28. Qc2 Rfd8 29.
e5 Qf7 30. Qf2 Nd2 31. h5 Nxf1 32. Rxf1 Bf5 33. e4 Rd2 34. hxg6 Bxg6 35. Qg3 R8d3 36. Qg4 Kh7 37. e6 Qf6 38. e5 Rxg2+ 39. Qxg2 Qxe6 40.
bxc5 Bf5 41. Qb7+ Rd7 42. Qf3 Rg7+ 43. Kf2 Qe7 44. c6 Qh4+ 45. Ke3 Rg3 0-1

[Event "GrandPrix_30.05"]
[Site "Chess.com"]
[Date "2020.05.30"]
[Round "7"]
[White "Bacyanide"]
[Black "mishanick"]
[Result "0-1"]
[WhiteElo "2500"]
[BlackElo "2879"]
[TimeControl "600+2"]
[EndTime "11:27:06 PDT"]
[Termination "mishanick won on time"]

1. d4 Nf6 2. Nf3 d5 3. Bf4 c5 4. e3 Nc6 5. Nbd2 Qb6 6. dxc5 Qxb2 7. Rb1 Qa3 8. Bb5 g6 9. O-O Bg7 10. Nb3 O-O 11. Ne5 Na5 12. e4 Nxb3 13. Rxb3 Qxc5 14. Nd3 Qb6 15. e5 Ne4 16. c4 a6 17. Bd7 Qd4 18.
Bxc8 dxc4 19. Bxb7 cxb3 20. Bxa8 Nc3 21. Be3 Qxe3 22.
fxe3 Nxd1 23. Rxd1 Rxa8 24. axb3 Rd8 25. e6 f5 26. Kf2 Rd6 27. Ke2 Rxe6 28. Nc5 Rc6 29. Rd5 Kf7 30. Kd3 e6 31. Rd7+ Kf6 32. b4 Bf8 33. Rxh7 Bxc5 34. bxc5 Rxc5 35. Ra7 Ra5 36. h4 Ra2 37. g3 Rg2 38. Rxa6 Rxg3 39. Ra4 Rg4 40.
Rxg4 fxg4 41. Ke2 Kg7 0-1

[Event "GrandPrix_30.05"]
[Site "Chess.com"]
[Date "2020.05.30"]
[Round "7"]
[White "DanielDardha2005"]
[Black "bratkoo"]
[Result "1/2-1/2"]
[WhiteElo "2318"]
[BlackElo "2219"]
[TimeControl "600+2"]
[EndTime "11:27:06 PDT"]
[Termination "Game drawn by agreement"]

1. Nf3 d5 2. c4 e6 3. g3 Nf6 4.
Bg2 d4 5. O-O c5 6. e3 Nc6 7.
exd4 cxd4 8. d3 Bd6 9. Bg5 O-O 10.
a3 a5 11. Nbd2 e5 12. Ne4 Be7 13. Bxf6 Bxf6 14. c5 Be7 15. Qc2 f5 16. Ned2 Be6 17. Rfe1 Bf6 18. Nc4 Qc7 19. Rab1 Rad8 20. b4 axb4 21.
axb4 e4 22. dxe4 fxe4 23. Rxe4 Bf5 24. Nd6 Bxe4 25. Qxe4 Kh8 26. b5 Na5 27. Ne5 Bxe5 28. Qxe5 b6 29. Qh5 Qxc5 30. Nf7+ Kg8 31. Qxc5 bxc5 32. Nxd8 Rxd8 33. b6 c4 34. Rb5 d3 35.
Rxa5 d2 36. Bf3 d1=Q+ 37. Bxd1 Rxd1+ 38. Kg2 Rb1 39. Rc5 Rxb6 40. Rxc4 h5 41. h4 g6 42. Kf3 Kf7 43. Ke3 Rb3+ 44. Kf4 Rb5 45. Rc7+ Kf6 46. Rc6+ Kf7 47. Ke4 Rb4+ 48. Kd3 Rb2 49.
Rc2 Rb4 50. Ke3 Ra4 51. Rd2 Rb4 52. Rd4 Rb2 53. Rd6 Rb4 54. Kf3 Ra4 55. Ke2 Ra2+ 56. Ke3 Ra3+ 57. Ke4 Ra2 58. f3 Ra5 59. Rd5 Ra6 60. Kf4 Kf6 61. Rd4 Rb6 62. Ra4 Rc6 63. Rd4 Rb6 64. Ke4 Re6+ 65. Kd5 Re5+ 66. Kd6 Re6+ 67.
Kc5 Re5+ 68. Kc6 g5 69. Kd6 Re6+ 70. Kd5 Re5+ 71. Kc4 gxh4 72. Rxh4 Re3 73. Rf4+ Kg5 74. Kd4 Ra3 75. Rf8 h4 76. Rg8+ Kh6 77. Rh8+ Kg7 78. Rxh4 Rxf3 79. Rg4+ Kh7 80. Ke4 Ra3 81. Rg5 Ra4+ 82.
Kf3 Kh6 83. Rc5 Ra6 84. Kg4 Kg6 85. Kh4 Rb6 86. g4 Ra6 87. Rb5 Rc6 88. Rd5 Ra6 89. Rg5+ Kh6 90. Rh5+ 1/2-1/2

[Event "GrandPrix_30.05"]
[Site "Chess.com"]
[Date "2020.05.30"]
[Round "7"]
[White "LazovT"]
[Black "A_N_D-R_E_I"]
[Result "0-1"]
[WhiteElo "2209"]
[BlackElo "2140"]
[TimeControl "600+2"]
[EndTime "11:27:13 PDT"]
[Termination "A_N_D-R_E_I won by resignation"]

1. e4 c5 2. Be2 Nc6 3. d3 e6 4. f4 d5 5. Nf3 b6 6. O-O Bb7 7. c3 d4 8. Na3 Nf6 9. Qe1 Be7 10. Nc2 O-O 11. Kh1 Rc8 12. c4 a6 13.
Rg1 b5 14. b3 Ne8 15. g4 f5 16. gxf5 exf5 17. Qg3 g6 18. e5 Ng7 19. Bd2 Qb6 20. Rab1 b4 21. Rg2 Nd8 22. h4 Nde6 23. Kh2 Nh5 24. Qf2 Nhxf4 25. Rgg1 Nxe2 26. Qxe2 Bxf3 27.
Qxf3 Bxh4 28. Bh6 Rf7 29. Qh5 Bd8 30. Qh3 Bc7 31. Rbe1 Re8 32. Re2 Ng7 33. Rge1 Qb8 34.
Qf3 Rxe5 35. Rxe5 Bxe5+ 36. Kg1 Bf6 37. Kg2 Qb7 38. Bxg7 Kxg7 39. Re6 Qxf3+ 40. Kxf3 a5 41. Rc6 Be7 42. a4 h5 43. Ne1 g5 44. Re6 h4 45.
Kg2 g4 46. Ra6 Bd8 47. Rc6 Re7 48. Kf1 Re5 49. Ng2 Bg5 50. Rc7+ Kg6 51. Rc6+ Kh5 52. Rc8 h3 53. Rh8+ Kg6 54. Nh4+ Bxh4 55. Rxh4 Kg5 56. Rh8 Kf4 57. Kf2 g3+ 58. Kf1 Kg4 59. Rg8+ Kf3 0-1

[Event "GrandPrix_30.05"]
[Site "Chess.com"]
[Date "2020.05.30"]
[Round "7"]
[White "Lavrov_Maxim"]
[Black "rusuvlad95"]
[Result "0-1"]
[WhiteElo "2232"]
[BlackElo "2134"]
[TimeControl "600+2"]
[EndTime "11:27:21 PDT"]
[Termination "rusuvlad95 won by resignation"]

1. e4 e5 2. Nf3 Nc6 3. Bb5 Nf6 4. d3 Bc5 5. c3 d6 6. O-O O-O 7.
Nbd2 a6 8. Ba4 b5 9. Bb3 Bb6 10.
h3 Be6 11. Re1 Bxb3 12. axb3 a5 13. Nf1 h6 14. Ng3 d5 15. Qe2 Re8 16. Nf5 Qd7 17.
N3h4 dxe4 18. dxe4 Ne7 19. Qf3 Nxf5 20. Nxf5 Kh8 21. Nxh6 Qe6 22. Ng4 Nxg4 23. hxg4 Qxb3 24. g3 Rad8 25. Kg2 Kg8 26. Rh1 Qc2 27. Qf5 Rd6 28. Bg5 f6 29. Bc1 Red8 30. g5 Bxf2 31. Qxf2 Rd2 32. Bxd2 Rxd2 33. Qxd2 Qxd2+ 34. Kf3 Qxb2 35. g6 Qxc3+ 36. Kg4 Qe3 37. Rae1 Qg5+ 38. Kf3 Qxg6 39.
Rd1 Qe8 40. Rd5 c6 41. Rd6 a4 42. Rc1 a3 43. Rdxc6 Qh5+ 44. Ke3 Qg5+ 45. Kf3 Qd2 46. Rc8+ Kh7 47. Rh1+ Kg6 48. Rh4 Qd3+ 49. Kf2 Qd2+ 50. Kf3 Qd1+ 51. Kf2 a2 0-1

[Event "GrandPrix_30.05"]
[Site "Chess.com"]
[Date "2020.05.30"]
[Round "7"]
[White "tacticthunder"]
[Black "fujiwara_hoga"]
[Result "1-0"]
[WhiteElo "2215"]
[BlackElo "2118"]
[TimeControl "600+2"]
[EndTime "11:27:21 PDT"]
[Termination "tacticthunder won by resignation"]

1. e4 e5 2. Nf3 Nc6 3. d4 exd4 4. Nxd4 Nf6 5. Nc3 Bb4 6. Nxc6 bxc6 7. Bd3 O-O 8. O-O d5 9. exd5 cxd5 10. Bg5 c6 11.
Ne2 h6 12. Bh4 Be7 13. Nd4 Bd7 14. Re1 Re8 15. b3 g6 16. h3 Kg7 17. Qf3 Ng8 18. Bg3 Bf6 19. c3 Qa5 20. Rec1 Ne7 21. a4 Qb6 22. b4 a5 23. bxa5 Qxa5 24. Re1 Ng8 25.
Rec1 Ne7 26. Bd6 Nc8 27. Bb4 Qa7 28. Nb3 Be7 29. Bxe7 Rxe7 30. a5 Nd6 31. Qf4 Ne4 32. Bxe4 Rxe4 33. Qd6 Rc4 34. Re1 Bf5 35. Nd4 Qd7 36.
Qe5+ Kg8 37. Qf6 Re8 38. Rxe8+ Qxe8 39. a6 Bc8 40. Qd6 c5 41. a7 Ra4 42. a8=Q 1-0

[Event "GrandPrix_30.05"]
[Site "Chess.com"]
[Date "2020.05.30"]
[Round "7"]
[White "francyIM"]
[Black "swisspower96"]
[Result "0-1"]
[WhiteElo "2519"]
[BlackElo "2387"]
[TimeControl "600+2"]
[EndTime "11:27:23 PDT"]
[Termination "swisspower96 won by resignation"]

1. c4 e5 2. Nc3 Nf6 3. Nf3 Nc6 4. e3 Bb4 5. Qc2 Bxc3 6. Qxc3 Qe7 7. d4 Ne4 8. Qd3 exd4 9. Nxd4 O-O 10. Be2 Qb4+ 11. Kf1 Qe7 12. f3 f5 13. Qd1 Nc5 14. Kf2 d6 15. Re1 a5 16. Kg1 Rf6 17. Bf1 Rg6 18. b3 Ne5 19. Bb2 Qh4 20. Qc2 b6 21. Rad1 Bb7 22. Qf2 Qh5 23. Kh1 Rf8 24. Bc1 Ne4 25. fxe4 fxe4 26. Be2 Rxf2 27. Bxh5 Rgxg2 28. Re2 Rxh2+ 29. Kg1 Rhg2+ 30. Kh1 Nf3 31. Rxf2 Rxf2 32. Nxf3 exf3 33. Bg4 Kf7 34. Bd2 Rxd2 0-1

[Event "GrandPrix_30.05"]
[Site "Chess.com"]
[Date "2020.05.30"]
[Round "7"]
[White "Nuvas"]
[Black "Thor736"]
[Result "1-0"]
[WhiteElo "2262"]
[BlackElo "2100"]
[TimeControl "600+2"]
[EndTime "11:27:25 PDT"]
[Termination "Nuvas won by checkmate"]

1. d4 Nf6 2. c4 e6 3. Nc3 Bb4 4. g3 O-O 5. Bg2 d5 6. Nf3 dxc4 7. O-O Nc6 8. Qa4 Bd7 9. Bg5 h6 10. Bxf6 Qxf6 11. Ne5 Nxe5 12. Qxb4 Nc6 13. Qxb7 Rab8 14.
Qxc7 Qd8 15. Qd6 Ne7 16. Rab1 Bc6 17. Qc5 Bxg2 18. Kxg2 Nf5 19. Rfd1 Qc8 20. Qxa7 Ra8 21. Qb6 Rd8 22. e4 Rb8 23. Qc5 Nxd4 24. Qxc8 Rbxc8 25. e5 Nc6 26. f4 Nb4 27. a3 Nd3 28. Ne4 Rb8 29.
Kf1 Rb6 30. Rd2 Rdb8 31. b4 Ra8 32. Nd6 Rc6 33. b5 Rc5 34. b6 g5 35. Ne4 Rc6 36. b7 Rb8 37. Nf6+ Kg7 38. Nd7 c3 39. Nxb8 c2 40. Rxc2 Rxc2 41. Nd7 gxf4 42. b8=Q f3 43. Qf8+ Kg6 44. Qg8+ Kf5 45. Qh7+ Kg4 46. Qe4+ Kh3 47.
Qh4# 1-0

[Event "GrandPrix_30.05"]
[Site "Chess.com"]
[Date "2020.05.30"]
[Round "7"]
[White "Mikhail_Golubev"]
[Black "GM_LOADING"]
[Result "1-0"]
[WhiteElo "2154"]
[BlackElo "2308"]
[TimeControl "600+2"]
[EndTime "11:27:37 PDT"]
[Termination "Mikhail_Golubev won by resignation"]

1. e4 e5 2. Nf3 Nc6 3. Nc3 Nf6 4. g3 d5 5. exd5 Nxd5 6. Bg2 Nxc3 7. bxc3 Bc5 8. O-O O-O 9. Re1 Re8 10. d4 exd4 11.
Rxe8+ Qxe8 12. cxd4 Bb4 13. Rb1 Bf5 14. a3 Ba5 15.
Rb5 Be4 16. d5 Rd8 17. c4 Bb6 18. Rb2 Bxf3 19. Bxf3 Ne5 20. Be2 Qe7 21. Qc2 c6 22. Qe4 Re8 23. Bf4 Qf6 24. Qc2 cxd5 25. c5 Bc7 26. Rxb7 Rc8 27. Qb2 d4 28. Rxc7 Rxc7 29.
Qb8+ 1-0

[Event "GrandPrix_30.05"]
[Site "Chess.com"]
[Date "2020.05.30"]
[Round "7"]
[White "Vnebo"]
[Black "SacrificeGod"]
[Result "0-1"]
[WhiteElo "2098"]
[BlackElo "2246"]
[TimeControl "600+2"]
[EndTime "11:27:44 PDT"]
[Termination "SacrificeGod won by resignation"]

1. e4 c5 2. Nf3 d6 3. d4 cxd4 4.
Nxd4 Nf6 5. f3 e5 6. Nb3 Be7 7. c4 a5 8. Be3 a4 9. Nc1 Nc6 10.
Nc3 Qa5 11. Be2 O-O 12. O-O Bd8 13. Qxd6 Bb6 14. Qd2 Rd8 15. Bd3 Nd4 16. Rb1 Be6 17. Qf2 Rac8 18. Nd5 Bxd5 19. exd5 Nd7 20. Ne2 Nc5 21. Bxd4 exd4 22. Bf5 d3 23. Nd4 Ne6 24. Bxe6 Rxc4 25. Qh4 Rxd4 26. Bxf7+ Kxf7 27. Qh5+ Kg8 28. Kh1 Qxd5 0-1

[Event "GrandPrix_30.05"]
[Site "Chess.com"]
[Date "2020.05.30"]
[Round "7"]
[White "Kostya_Nikologorskiy"]
[Black "am00ss00"]
[Result "1-0"]
[WhiteElo "2193"]
[BlackElo "2052"]
[TimeControl "600+2"]
[EndTime "11:27:45 PDT"]
[Termination "Kostya_Nikologorskiy won by checkmate"]

1. d4 d5 2. c4 e6 3. Nc3 f5 4. Bf4 c6 5. g3 Bd6 6. Nh3 Nf6 7. Bg2 O-O 8. O-O Qe7 9. Bxd6 Qxd6 10. Nf4 Nbd7 11.
Re1 b6 12. Qb3 Bb7 13. Rad1 Rae8 14. f3 g5 15. Nh3 h6 16. e4 dxe4 17. fxe4 fxe4 18.
Nf2 c5 19. Nfxe4 Bxe4 20. Nxe4 Nxe4 21. Rxe4 cxd4 22. Rexd4 Qc5 23. Kh1 Ne5 24. Qc2 Rf5 25. Qe4 Ref8 26. Bh3 g4 27. Bxg4 Nxg4 28. Qxg4+ Kh8 29.
Qe4 e5 30. Rd7 Qf2 31. Rd8 Rxd8 32. Rxd8+ Kg7 33. Qg4+ Kf7 34. Qg8+ Ke7 35. Qe8+ Kf6 36. Rd6+ Kg7 37. Rg6+ Kh7 38. Qg8# 1-0

[Event "GrandPrix_30.05"]
[Site "Chess.com"]
[Date "2020.05.30"]
[Round "7"]
[White "ulkaf961"]
[Black "Sergey_Krivenko"]
[Result "0-1"]
[WhiteElo "1944"]
[BlackElo "2085"]
[TimeControl "600+2"]
[EndTime "11:27:48 PDT"]
[Termination "Sergey_Krivenko won by resignation"]

1. e4 e6 2. d4 d5 3. Nd2 a6 4.
Ngf3 Nf6 5. Bd3 c5 6. exd5 Qxd5 7. dxc5 Bxc5 8. Nb3 Ba7 9. Qe2 Nbd7 10. c4 Qd6 11.
Be3 Bxe3 12. Qxe3 Ng4 13. Qe2 Nge5 14. Nxe5 Nxe5 15. Rd1 Qb4+ 16. Rd2 Nxd3+ 17. Qxd3 O-O 18. O-O e5 19. Qd6 Qxd6 20. Rxd6 Be6 21. Na5 b5 22. c5 Rfc8 23. c6 Kf8 24. Rfd1 Ke7 25. b3 Rd8 26. Nb7 Rxd6 27. Rxd6 Rc8 28. f3 a5 29. Rd2 a4 30. Na5 axb3 31. axb3 b4 32. Kf2 Ra8 33. Nb7 Rc8 34. Na5 Ra8 35. Nc4 Bxc4 36.
bxc4 b3 37. Rd7+ Ke6 38. Rb7 Ra2+ 39. Kg3 Rc2 40. Rb4 b2 41. c7 Kd7 42. Kg4 Rxg2+ 43.
Kf5 Rxh2 44. Kxe5 Kxc7 45. Kd5 Rd2+ 46. Kc5 h5 47. f4 h4 48. Rb3 h3 0-1

[Event "GrandPrix_30.05"]
[Site "Chess.com"]
[Date "2020.05.30"]
[Round "7"]
[White "Andrei_Belozerov"]
[Black "TheJoker64"]
[Result "0-1"]
[WhiteElo "2381"]
[BlackElo "2307"]
[TimeControl "600+2"]
[EndTime "11:27:53 PDT"]
[Termination "TheJoker64 won by resignation"]

1. e4 c5 2. Nf3 Nc6 3. d4 cxd4 4. Nxd4 Qb6 5. Nb3 Nf6 6. Nc3 e6 7. g3 a6 8. Bg2 Qc7 9. O-O d6 10. a4 b6 11. g4 Be7 12. g5 Nd7 13. f4 Bb7 14.
Be3 h6 15. h4 hxg5 16. hxg5 Nc5 17. Qe2 g6 18. f5 Ne5 19. f6 Bf8 20. Nd4 Rh4 21. Rf4 Rh5 22. Rf2 Rh4 23. Bf4 Rc8 24.
Rd1 Ncd7 25. Nb1 Qc5 26. c3 Ng4 27. Bg3 Nxf2 28. Bxf2 Qxg5 29. Nf3 Rxe4 30. Nxg5 Rxe2 31. Bxb7 Rc4 32. Nf3 Nxf6 33. Bxa6 Rg4+ 34. Kf1 Rxb2 35. Bb5+ Ke7 36. Nbd2 Bh6 37. Bxb6 Nd5 38. Ba5 Ne3+ 39. Ke2 Rg2+ 40. Kd3 Nxd1 0-1

[Event "GrandPrix_30.05"]
[Site "Chess.com"]
[Date "2020.05.30"]
[Round "7"]
[White "Grebnev_A"]
[Black "BMOchsner"]
[Result "1-0"]
[WhiteElo "2218"]
[BlackElo "2278"]
[TimeControl "600+2"]
[EndTime "11:27:57 PDT"]
[Termination "Grebnev_A won on time"]

1. c4 e5 2. Nc3 Bb4 3. Nd5 a5 4. g3 Nf6 5. Nxb4 axb4 6. Bg2 c5 7. d3 Nc6 8. Nf3 d6 9. O-O h6 10. Ne1 O-O 11. Nc2 Be6 12. a3 d5 13. cxd5 Bxd5 14. Be3 Bxg2 15. Kxg2 Qd5+ 16. Kg1 b3 17. Ne1 Rfd8 18. Nf3 b5 19. Rc1 Nd4 20. Bxd4 exd4 21.
Nd2 Rab8 22. Qxb3 c4 23. dxc4 bxc4 24. Qxc4 Rxb2 25. Qxd5 Nxd5 26. Nf3 Nc3 27. Nxd4 Na2 28. Rcd1 Nc3 29. Rc1 Na2 30. Rc2 Rxc2 31. Nxc2 Rd2 32. Nb4 Nxb4 33. axb4 Rb2 34. Rc1 Rxb4 35. Kg2 h5 36. h4 g6 37. Rc7 Kg7 38. Kf3 Rb3+ 39. e3 Rb4 40. e4 Rb2 41. Ke3 Kf6 42. f3 Rb3+ 43. Kf4 Rb4 44. Ra7 Rc4 45. g4 hxg4 46.
Kxg4 Rc1 47. Kf4 Rc4 48. Ra6+ Kg7 49. Kg4 Rc5 50. Ra7 Rc1 51. e5 Re1 52. f4 Re3 53.
Ra2 Rb3 54. Rg2 Rb4 55. h5 gxh5+ 56. Kxh5+ Kf8 57. Kg5 Rb1 58. Ra2 Kg7 59. Rg2 Kf8 60. Kf5 Rb6 61. Rd2 Kg7 62. Rd7 Ra6 63. Kg5 Rg6+ 64.
Kf5 Ra6 65. Ke4 Ra4+ 66. Kf3 Kg6 67. Rd6+ Kg7 68. Kg4 Rb4 69. Rd7 Rb6 70. Rd4 Ra6 71. f5 Ra1 72. Kg5 Rg1+ 73. Rg4 Rf1 74. f6+ Kh7 75. Rh4+ Kg8 76. Ra4 Rg1+ 77. Kf5 Rf1+ 78. Ke4 Re1+ 79. Kd5 Rd1+ 80. Kc6 Rd2 81. Kc5 Rd1 82.
Rd4 Re1 83. Kd6 Re2 84. Rc4 Re1 85. Rc5 Kh7 86. Rc4 Kg6 87. Rc5 Rd1+ 88. Ke7 Re1 89. Kf8 Re2 90. Ke7 Re1 91. Rd5 Re2 92. Kd6 Re1 93.
Rd2 Re3 94. Rg2+ Kf5 95. Rf2+ Kg6 96. Rg2+ Kf5 97. Ke7 Rxe5+ 98. Kxf7 Ra5 99. Kg7 Ra7+ 100. f7 Ke6 101. Re2+ Kd6 102. Kg8 1-0

[Event "GrandPrix_30.05"]
[Site "Chess.com"]
[Date "2020.05.30"]
[Round "7"]
[White "Funo09"]
[Black "Sanan_Sjugirov"]
[Result "1-0"]
[WhiteElo "2717"]
[BlackElo "2683"]
[TimeControl "600+2"]
[EndTime "11:28:03 PDT"]
[Termination "Funo09 won by resignation"]

1. e4 c5 2. Nc3 d6 3. f4 g6 4. Nf3 Bg7 5. d4 cxd4 6. Nxd4 Nc6 7. Be3 Nf6 8. Be2 O-O 9. Nb3 a6 10. g4 b5 11. g5 Nd7 12. Qd2 Nb6 13. O-O-O Na4 14.
Nd4 Nxd4 15. Bxd4 Bxd4 16. Qxd4 Nxc3 17. Qxc3 Bb7 18. Qe3 Rc8 19. h4 Qc7 20. Bd3 d5 21. e5 d4 22. Qh3 Bxh1 23. Rxh1 h5 24. gxh6 Kh8 25. h5 Qc6 26. Re1 Qd5 27. Kb1 Rc6 28.
Be4 Qe6 29. Qg2 Rcc8 30. f5 Qxe5 31. hxg6 fxg6 32. fxg6 1-0

[Event "GrandPrix_30.05"]
[Site "Chess.com"]
[Date "2020.05.30"]
[Round "7"]
[White "OhanyanEminChess"]
[Black "Vesper2018"]
[Result "0-1"]
[WhiteElo "2052"]
[BlackElo "1981"]
[TimeControl "600+2"]
[EndTime "11:28:03 PDT"]
[Termination "Vesper2018 won by resignation"]

1. e4 c5 2. Nf3 d6 3. d4 cxd4 4. Nxd4 Nf6 5. Nc3 a6 6. Be3 e5 7. Nb3 Be7 8. h3 Be6 9. Qf3 O-O 10. O-O-O b5 11. g4 b4 12. Nd5 Nxd5 13. exd5 Bc8 14.
Bd3 a5 15. Nd2 Nd7 16. Ne4 a4 17. Kb1 Ba6 18. Bxa6 Rxa6 19. g5 Qc7 20. Rc1 a3 21. b3 f5 22. gxf6 Nxf6 23. c4 Nxd5 24. Qg4 Nf4 25.
Bxf4 Rxf4 26. Qe6+ Kh8 27. c5 Qb7 28. f3 dxc5 29. Qxe5 Rf8 30. Rhg1 Bf6 31. Qxc5 Rd8 32. Rgd1 Rb8 33. Qf5 Rc6 34. Rxc6 Qxc6 35. Qd7 Qxd7 36.
Rxd7 Be5 37. Re7 Bb2 38. Nd2 h6 39. Nc4 Bc3 40. Kc2 Rf8 41. Re3 Ba1 42. Nd6 Rf4 43. Kd3 Rd4+ 0-1

[Event "GrandPrix_30.05"]
[Site "Chess.com"]
[Date "2020.05.30"]
[Round "7"]
[White "Jan1401"]
[Black "ZefirKa"]
[Result "0-1"]
[WhiteElo "2222"]
[BlackElo "2139"]
[TimeControl "600+2"]
[EndTime "11:28:13 PDT"]
[Termination "ZefirKa won by resignation"]

1. e4 c6 2. Nf3 d5 3. d3 dxe4 4. dxe4 Qxd1+ 5. Kxd1 Nf6 6. Nfd2 e5 7. f3 Be6 8. Bc4 Bxc4 9. Nxc4 Nbd7 10. Be3 b5 11.
Na5 Rc8 12. a4 Bc5 13. Ke2 Bxe3 14. Kxe3 Nc5 15. Rd1 Nxa4 16. b3 Nc5 17. Rd6 Ke7 18. Rxc6 Ne6 19. c3 Nc5 20. Na3 a6 21. Nc2 Nxb3 22. Rxc8 Rxc8 23. Nxb3 Rxc3+ 24. Kd2 Rxb3 25. Rxa6 Nd7 26. Ne3 Nc5 27. Nd5+ Kd7 28. Ra7+ Kd6 29. Rxf7 Rb2+ 30. Ke3 Rxg2 31. h4 Ne6 32. Rb7 Nd4 33. f4 Nc2+ 34. Kf3 Ne1+ 35. Ke3 exf4+ 36. Nxf4 Nc2+ 37.
Kf3 Rg1 38. Nd3 Kc6 39. Rb8 Nd4+ 40. Ke3 Ne6 41. Re8 Rg3+ 42. Kd2 Nd4 43. Rd8 Nf3+ 44. Ke2 Nxh4 45. Ne5+ Kc7 46. Rd5 Kb6 47. Kf2 Rg2+ 48. Ke3 Ng6 49. Nd3 Rg3+ 50. Kd4 Ne7 51. Rd7 Nc6+ 52.
Kc3 Ne5 53. Kd4 Rxd3+ 54. Kxe5 Rxd7 55. Ke6 Rd1 0-1

[Event "GrandPrix_30.05"]
[Site "Chess.com"]
[Date "2020.05.30"]
[Round "7"]
[White "WoodlandMagic"]
[Black "Karacsonyi_Gellert"]
[Result "1-0"]
[WhiteElo "2125"]
[BlackElo "2183"]
[TimeControl "600+2"]
[EndTime "11:28:15 PDT"]
[Termination "WoodlandMagic won by resignation"]

1. d4 Nf6 2. c4 e6 3. Nc3 Bb4 4. e3 O-O 5. Ne2 c6 6. a3 Ba5 7. c5 d6 8. cxd6 Qxd6 9. b4 Bc7 10. g3 a5 11. b5 e5 12. bxc6 Qxc6 13. d5 Qe8 14. Bg2 Bd6 15. Rb1 Na6 16. O-O Nc5 17.
Nb5 Qe7 18. Nec3 Bf5 19. Ra1 Rfd8 20. a4 Rac8 21. Ba3 b6 22. Nxd6 Qxd6 23. e4 Bg6 24.
f4 exf4 25. gxf4 Qd7 26. e5 Nfe4 27. Rc1 Nxc3 28. Rxc3 Nxa4 29. Rxc8 Rxc8 30. e6 fxe6 31. dxe6 Qxd1 32. Rxd1 Nc3 33. Re1 b5 34. Bd6 b4 35. Bb7 Rd8 36. Bc7 Rd1 37. Rxd1 Nxd1 38. Bxa5 b3 39. Bd5 b2 40. e7+ Kh8 41. Ba2 Ne3 42. Bc3 Nd5 43. f5 Be8 44. Bxb2 Nxe7 45.
f6 Nf5 46. Be6 Bg6 47. Bxf5 Bf7 48. fxg7+ Kg8 49. Kf2 h5 50. Kg3 h4+ 51. Kxh4 Bg6 52. Be6+ 1-0

[Event "GrandPrix_30.05"]
[Site "Chess.com"]
[Date "2020.05.30"]
[Round "7"]
[White "chess_big_master"]
[Black "tsvet2005"]
[Result "0-1"]
[WhiteElo "2062"]
[BlackElo "2264"]
[TimeControl "600+2"]
[EndTime "11:28:22 PDT"]
[Termination "tsvet2005 won on time"]

1. d4 d5 2. Nf3 Nf6 3. c4 e6 4. Nc3 c6 5. e3 Nbd7 6. Qc2 Bd6 7. e4 dxe4 8. Nxe4 Nxe4 9. Qxe4 c5 10. Bd3 cxd4 11.
Qxd4 Ne5 12. Bd2 Nxd3+ 13. Qxd3 O-O 14. Rd1 Be7 15. Qe4 Qb6 16. Bc3 f6 17. O-O e5 18.
Rfe1 Be6 19. Nd4 Bf7 20. Nf5 Bc5 21. Qh4 Rfd8 22. b4 Bf8 23. c5 Qe6 24. Qg4 h5 25.
Qf3 e4 26. Qh3 g6 27. Nd6 f5 28. Nxb7 Rxd1 29. Rxd1 Qxa2 30. Qe3 Qc4 31. Nd6 Bxd6 32. cxd6 Rd8 33. Bf6 Qc2 34. Rc1 Rxd6 35. Ba1 Rd1+ 0-1

[Event "GrandPrix_30.05"]
[Site "Chess.com"]
[Date "2020.05.30"]
[Round "7"]
[White "Forking_U"]
[Black "ehrenfeld"]
[Result "0-1"]
[WhiteElo "2093"]
[BlackElo "2045"]
[TimeControl "600+2"]
[EndTime "11:28:22 PDT"]
[Termination "ehrenfeld won on time"]

1. e4 e5 2. Nf3 Nc6 3. d4 exd4 4.
Nxd4 Bc5 5. Nxc6 bxc6 6. Bd3 Qh4 7. O-O Nf6 8. Qf3 d6 9. Nc3 O-O 10. Bf4 Nh5 11. g3 Qh3 12. Bd2 Nf6 13. Qg2 Qh5 14.
Be2 Bg4 15. Bxg4 Nxg4 16. h3 Ne5 17. Bf4 Ng6 18. Bd2 f5 19. exf5 Qxf5 20. Ne4 Bb6 21.
c4 d5 22. cxd5 cxd5 23. Nc3 Rad8 24. Rae1 Ne5 25. Kh1 Nf3 26. Rd1 Rde8 27. Bf4 c6 28. Qxf3 g5 29. Qg4 Qxg4 30. hxg4 gxf4 31. gxf4 Rxf4 32.
f3 Re3 33. Kg2 d4 34. Ne4 c5 35. Rf2 c4 36. Kg3 Rfxe4 37. Kg2 Re7 0-1

[Event "GrandPrix_30.05"]
[Site "Chess.com"]
[Date "2020.05.30"]
[Round "7"]
[White "MaxVavulin"]
[Black "GM_dmitrij"]
[Result "1/2-1/2"]
[WhiteElo "2290"]
[BlackElo "2452"]
[TimeControl "600+2"]
[EndTime "11:28:29 PDT"]
[Termination "Game drawn by repetition"]

1. e4 e5 2. Nf3 Nc6 3. Bb5 a6 4. Ba4 Nf6 5. O-O Bc5 6. c3 b5 7. Bb3 d6 8. d4 Bb6 9. a4 Bg4 10. axb5 axb5 11. Rxa8 Qxa8 12. Na3 exd4 13. Nxb5 dxc3 14.
Nxc3 Nd4 15. Ba4+ Kf8 16. Be3 Nxf3+ 17. gxf3 Bh3 18. Re1 Bxe3 19. Rxe3 Be6 20. f4 Qa7 21. e5 Ng4 22. Re2 g6 23. exd6 cxd6 24. Qxd6+ Kg7 25. h3 Nf6 26. Qe5 Qb8 27. Kh2 Rd8 28. Bc6 Bc4 29. Rc2 Bb3 30. Rc1 Be6 31. Ne4 Qxe5 32. fxe5 Nxe4 33.
Bxe4 Rb8 34. Rc2 Rb5 35. f4 Rb4 36. Re2 Rb3 37. Bg2 Rb4 38. Rf2 h5 39. h4 f6 40.
exf6+ Kxf6 41. Kg3 Rb3+ 42. Kh2 Bf5 43. Rd2 Rb4 44.
Kg3 Rb3+ 45. Kf2 Rb4 46. Kf3 Rb3+ 47. Kf2 Rb4 48. Ke3 Rb3+ 49. Kd4 Rb4+ 50. Ke3 Rb3+ 51. Kd4 Rb4+ 52. Ke3 1/2-1/2

[Event "GrandPrix_30.05"]
[Site "Chess.com"]
[Date "2020.05.30"]
[Round "7"]
[White "PeshkaTheGreat"]
[Black "Olga_Girya"]
[Result "1/2-1/2"]
[WhiteElo "2140"]
[BlackElo "2207"]
[TimeControl "600+2"]
[EndTime "11:28:33 PDT"]
[Termination "Game drawn by agreement"]

1. e4 c6 2. d4 d5 3. Nc3 dxe4 4. Nxe4 Nf6 5. Nxf6+ exf6 6. c3 Bd6 7. Bd3 O-O 8. Qc2 Re8+ 9. Ne2 h5 10. O-O h4 11.
h3 Nd7 12. Be3 Nf8 13. Qd2 Ng6 14. Nf4 Nxf4 15. Bxf4 Be6 16. c4 Bxf4 17. Qxf4 g5 18. Qd2 f5 19. d5 cxd5 20. cxd5 Bxd5 21. Bxf5 Bc4 22. Rfd1 Qxd2 23. Rxd2 Rad8 24. Rxd8 Rxd8 25. b3 Be2 26. Rc1 Rd1+ 27. Rxd1 Bxd1 28. Kf1 Bh5 29. Ke1 Kg7 30. Kd2 Kf6 31. Bc8 b6 32. Ke3 Ke5 33. b4 f5 34. g3 f4+ 35. gxf4+ gxf4+ 36. Kd3 Bg6+ 37. Kc4 Bf7+ 38. Kb5 Bxa2 39. Ka6 Bc4+ 40. Kxa7 b5 41. Kb6 Ke4 42. Bg4 Kd3 43. Kc5 Ke4 44. Bh5 f3 45. Bg6+ Ke5 46. Be8 Bf1 47. Bd7 Ke4 48.
Bg4 Bc4 1/2-1/2

[Event "GrandPrix_30.05"]
[Site "Chess.com"]
[Date "2020.05.30"]
[Round "7"]
[White "Shahinyan_ChessMood"]
[Black "Paulz64"]
[Result "1/2-1/2"]
[WhiteElo "2375"]
[BlackElo "2234"]
[TimeControl "600+2"]
[EndTime "11:28:40 PDT"]
[Termination "Game drawn by agreement"]

1. e4 c5 2. Nc3 e6 3. g3 d5 4.
exd5 exd5 5. d3 Nf6 6. Bg2 Be7 7.
Bg5 d4 8. Bxf6 Bxf6 9. Nd5 O-O 10. Ne2 Nc6 11. O-O Be6 12. Nef4 Bxd5 13. Nxd5 Rc8 14.
Re1 Qd6 15. Qh5 b6 16. Re2 g6 17. Qf3 Bg7 18. Rae1 Rcd8 19. h4 Nb4 20. Nxb4 cxb4 21. h5 a5 22. Re7 Rc8 23. hxg6 hxg6 24. Qb7 Rxc2 25. R1e6 Rc1+ 26. Bf1 Qc5 27. Rxg6 Qf5 28. Rc6 Rd1 29. Rcc7 Qxd3 30. Qg2 Qf5 31. g4 Qf4 32.
g5 Be5 33. Rc6 d3 34. g6 Qh2+ 35. Qxh2 Bxh2+ 36. Kg2 d2 37. gxf7+ Kg7 38. Be2 Re1 39.
Kxh2 Rxe2 40. Rd7 Rxf7 41. Rcd6 Rxf2+ 42. Kg3 Rf3+ 43. Kg2 Rf2+ 44. Kg3 Rf3+ 45. Kg2 1/2-1/2